 Dungeon Crawl Stone Soup version 0.22-a0-157-g169b76a (webtiles) character file.

222 theanonym the Cudgeler (level 5, -1/43 HPs)
             Began as a Mummy Chaos Knight on Feb 8, 2018.
             Slain by a big kobold (8 damage)
             ... on level 3 of the Dungeon.
             The game lasted 00:04:23 (2481 turns).

theanonym the Cudgeler (Mummy Chaos Knight)         Turns: 2481, Time: 00:04:24

Health: -1/43      AC:  9    Str: 16    XL:     5   Next: 66%
Magic:  5/5        EV:  6    Int: 11    God:    Xom [.*....]
Gold:   93         SH:  0    Dex: 12    Spells: 4/4 levels left

rFire    x . .     SeeInvis .   a - +0 mace (chaos)
rCold    + . .     Gourm    .   (no shield)
rNeg     + + +     Faith    .   d - +0 chain mail
rPois    ∞         Spirit   .   (no helmet)
rElec    .         Reflect  .   (no cloak)
rCorr    .         Harm     .   (no gloves)
MR       .....                  c - +0 pair of boots
Stlth    ..........             g - amulet of inaccuracy (curse)
HPRegen  0.14/turn              (no ring)
MPRegen  0.09/turn              (no ring)

@: no status effects
A: no food or potions, fire vulnerability, cold resistance 1, negative energy
resistance 3, torment resistance, unbreathing
a: Renounce Religion


Innate Abilities, Weirdness & Mutations

You do not eat or drink.
Your flesh is vulnerable to fire.
You are immune to poison.
Your flesh is cold resistant. (rC+)
You are immune to negative energy. (rN+++)
You are immune to unholy pain and torment.
You can survive without breathing.


   Skills:
 + Level 4.4 Fighting
 * Level 4.6 Maces & Flails
 - Level 1.5 Armour
 - Level 0.7 Dodging


You had 4 spell levels left.
You didn't know any spells.

Skill      XL: |  1  2  3  4 |
---------------+-------------+-----
Maces & Flails | 3 4 |  4.6
Fighting       | 4 |  4.4
Armour         | |  1.5
Dodging        | |  0.7

Action                   |  1- 3 |  4- 6 || total
-------------------------+-------+-------++-------
Melee: Mace              |   179 |    53 ||   232
Throw: Throwing net      |       |     3 ||     3
  Use: Scroll            |     5 |       ||     5
 Stab: Paralysed         |     1 |     4 ||     5
       Petrifying        |     1 |       ||     1
Armor: Leather armour    |     4 |       ||     4
       Chain mail        |   165 |    38 ||   203
Dodge: Dodged            |   100 |    15 ||   115

Inventory:

Hand Weapons
 a - a +0 mace of chaos (weapon)
Armour
 b - a +2 leather armour
 c - a +0 pair of boots (worn)
   (You found it on level 1 of the Dungeon)
 d - a +0 chain mail (worn)
   (You found it on level 1 of the Dungeon)
Jewellery
 g - a cursed amulet of inaccuracy (around neck)
   (You found it on level 1 of the Dungeon)
Wands
 h - a wand of polymorph (12)
   (You found it on level 3 of the Dungeon)
Scrolls
 e - a scroll of immolation


You were on level 3 of the Dungeon.
You worshipped Xom.
You were a plaything of Xom.
You were not hungry.

You visited 1 branch of the dungeon, and saw 3 of its levels.

You collected 93 gold pieces.

Dungeon Overview and Level Annotations

Branches:
Dungeon (3/15)

Altars:
Dithmenos
Hepliaklqana
Makhleb
Sif Muna
Trog
Uskayaw
Xom

#.# **
#######.# #.#
#.# #.......#
#.# #.#
#.##########.#
#.#
#)#..........#
#.#
#.#.##########
#K# #.#.# #.#
#<#.#
#.###########.#
#.......K@....#
#.###########.#
### ###


You could see a neutral big kobold (insane).

Notes
Turn   | Place    | Note
-------+----------+-------------------------------------------
     0 | D:1      | theanonym the Mummy Chaos Knight began the quest for the Orb.
     0 | D:1      | Reached XP level 1. HP: 18/18 MP: 1/1
   241 | D:1      | Reached XP level 2. HP: 22/24 MP: 2/2
   394 | D:1      | Reached skill level 3 in Maces & Flails
   495 | D:1      | XOM: divination: detect items
   518 | D:1      | HP: 12/24 [leopard gecko (3)]
   524 | D:1      | HP: 5/24 [leopard gecko (4)]
   906 | D:1      | Reached XP level 3. HP: 27/29 MP: 3/3
  1051 | D:1      | XOM: harmless Tmut miscast
  1136 | D:1      | XOM: harmless Fire miscast
  1353 | D:2      | Found a bloodstained altar of Trog.
  1472 | D:2      | XOM: harmless Air miscast
  1475 | D:2      | Found a hide-covered altar of Uskayaw.
  1544 | D:2      | XOM: mild Erth miscast
  1691 | D:2      | Reached XP level 4. HP: 34/37 MP: 4/4
  1744 | D:2      | Found a hazy altar of Hepliaklqana.
  1864 | D:2      | Found a shadowy altar of Dithmenos.
  1871 | D:2      | Found a deep blue altar of Sif Muna.
  2061 | D:2      | XOM: harmless Summ miscast
  2404 | D:3      | Noticed Purgy
  2408 | D:3      | XOM: silly message
  2415 | D:3      | Killed Purgy
  2415 | D:3      | Reached skill level 4 in Fighting
  2415 | D:3      | Reached skill level 4 in Maces & Flails
  2415 | D:3      | Reached XP level 5. HP: 42/42 MP: 5/5
  2433 | D:3      | Found a shimmering altar of Xom.
  2433 | D:3      | Found a burning altar of Makhleb.
  2436 | D:3      | XOM: divination: magic mapping
  2441 | D:3      | HP: 18/42 [crimson imp/dagger of chaos (18)]
  2446 | D:3      | HP: 15/42 [leopard gecko (4)]
  2450 | D:3      | HP: 6/42 [big kobold (5)]
  2457 | D:3      | XOM: fog
  2459 | D:3      | HP: 4/43 [leopard gecko (2)]
  2461 | D:3      | XOM: cast spell 'Discord'
  2481 | D:3      | Slain by a big kobold

Vanquished Creatures
  Purgy (D:3)
  A crimson imp (D:3)
  A worker ant (D:2)
  An ooze (D:2)
  A worm (D:2)
  2 leopard geckos (D:1)
  An orc (D:3)
  2 giant cockroaches
  4 goblins
  6 hobgoblins
  3 jackals (D:1)
  8 kobolds
  11 bats
  3 frilled lizards
  7 rats
52 creatures vanquished.

Vanquished Creatures (collateral kills)
  A leopard gecko (D:3)
  A rat (D:3)
2 creatures vanquished.

Grand Total: 54 creatures vanquished

Table legend:
 A = Turns spent in this place as a percentage of turns spent in the entire game.
 B = Non-inter-level travel turns spent in this place as a percentage of non-inter-level travel turns spent in the entire game.
 C = Inter-level travel turns spent in this place as a percentage of turns spent in this place.
 D = Turns resting spent in this place as a percentage of non-inter-level travel turns spent in this place.
 E = Turns spent auto-exploring this place as a percentage of non-inter-level travel turns spent in this place.
 F = Non-inter-level travel turns spent in this place divided by the number of levels of this place that you've seen.
                   A       B       C       D       E      F
               +-------+-------+-------+-------+-------+----------------------
         Total | 100.0 | 100.0 |   1.7 |  17.0 |  63.3 | 813.0
       Dungeon | 100.0 | 100.0 |   1.7 |  17.0 |  63.3 | 813.0
               +-------+-------+-------+-------+-------+----------------------
